 Dungeon Crawl Stone Soup version 0.21-a0-225-g207ae17 (webtiles) character file.

65 Kidiri the Magician (level 3, 0/19 HPs)
             Began as a Deep Elf Fire Elementalist on Aug 28, 2017.
             Slain by an adder (1 damage)
             ... while paralysed by Grinder
             ... on level 3 of the Dungeon.
             The game lasted 00:06:59 (2647 turns).

Kidiri the Magician (Deep Elf Fire Elementalist)    Turns: 2647, Time: 00:07:00

Health: 0/19       AC:  4    Str:  5    XL:     3   Next: 92%
Magic:  8/11       EV:  2    Int: 20    God:
Gold:   68         SH:  0    Dex: 15    Spells: 2/11 levels left

rFire    . . .     SeeInvis .   e - +0 dagger
rCold    . . .     Gourm    .   (no shield)
rNeg     . . .     Faith    .   a - +0 robe
rPois    .         Spirit   .   (no helmet)
rElec    .         Reflect  .   (no cloak)
rCorr    .         Harm     .   k - +1 pair of gloves
MR       .....                  (no boots)
Stlth    ++........             (no amulet)
HPRegen  0.06/turn              (no ring)
MPRegen  0.12/turn              (no ring)

@: paralysed, lethally poisoned (0 -> -3)
A: no striking features
a: no special abilities


You were on level 3 of the Dungeon.
You were not hungry.

You visited 1 branch of the dungeon, and saw 3 of its levels.

You collected 68 gold pieces.

Inventory:

Hand Weapons
 e - a +0 dagger (weapon)
Armour
 a - a +0 robe (worn)
 k - a +1 pair of gloves (worn)
Scrolls
 f - 2 scrolls of remove curse
 j - 2 scrolls of noise {unknown}
 l - a scroll of teleportation
Potions
 g - a potion of brilliance
 h - a potion of haste {unknown}
 i - a potion of magic {unknown}
 m - a potion of flight {unknown}
Books
 b - a book of Flames

   Spells                             Type                      Level
   a - Flame Tongue                   Conjuration/Fire             1
   b - Throw Flame                    Conjuration/Fire             2
   c - Conjure Flame                  Conjuration/Fire             3
   d - Inner Flame                    Hexes/Fire                   3
   e - Sticky Flame                   Conjuration/Fire             4
   f - Fireball                       Conjuration/Fire             5
Comestibles
 c - 3 bread rations
 d - a royal jelly


   Skills:
 - Level 2.4 Dodging
 - Level 2.4 Stealth
 * Level 4.6 Spellcasting
 + Level 2.1 Conjurations
 + Level 3.9 Fire Magic


You had 2 spell levels left.
You knew the following spells:

 Your Spells              Type           Power        Failure   Level  Hunger
a - Flame Tongue          Conj/Fire      ###..        3%          1    None
b - Throw Flame           Conj/Fire      ###...       5%          2    #......
c - Conjure Flame         Conj/Fire      ###.....     11%         3    ##.....
d - Inner Flame           Hex/Fire       ##......     16%         3    ##.....


Dungeon Overview and Level Annotations

Branches:
Dungeon (3/15)

Altars:
Cheibriados
Hepliaklqana
Sif Muna

Annotations:
D:3 Grinder


Message History

The adder is almost dead.
The adder barely misses you. Grinder gestures at you.
You suddenly lose the ability to move!
The adder bites you.
You are poisoned.
The adder poisons you! Grinder gestures at you. Pain shoots through your body!
The adder bites you.
* * * LOW HITPOINT WARNING * * *
You feel sick. The adder bites you but does no damage. The adder bites you.
* * * LOW HITPOINT WARNING * * *
The adder barely misses you. Grinder gestures at you.
You resist with significant effort. The adder bites you.
* * * LOW HITPOINT WARNING * * *
* * * LOW HITPOINT WARNING * * *
You feel sick. The adder bites you.
You die...

##### #.<.#
####...######
#............
#.########.##...######
#.!....@5.....<.#
#####..S..###...#
#.......#####
#.(...#.# #.....#...
#.....# ### ##....#
######


You could see Grinder and an adder.

Vanquished Creatures
  An adder (D:2)
  A worm (D:2)
  2 dart slugs
  A leopard gecko (D:1)
  A ball python (D:2)
  3 bats
  3 giant cockroaches
  4 goblins
  6 hobgoblins
  4 jackals (D:2)
  A frilled lizard (D:1)
  9 kobolds
  9 rats
45 creatures vanquished.

Notes
Turn   | Place    | Note
-------+----------+-------------------------------------------
     0 | D:1      | Kidiri the Deep Elf Fire Elementalist began the quest for the Orb.
     0 | D:1      | Reached XP level 1. HP: 10/10 MP: 6/6
   267 | D:1      | Reached XP level 2. HP: 15/15 MP: 8/8
   271 | D:1      | Learned a level 2 spell: Throw Flame
  1570 | D:2      | Reached XP level 3. HP: 14/19 MP: 8/10
  1576 | D:2      | Learned a level 3 spell: Conjure Flame
  1580 | D:2      | Learned a level 3 spell: Inner Flame
  1593 | D:2      | Reached skill level 4 in Spellcasting
  1831 | D:2      | Found a snail-covered altar of Cheibriados.
  1831 | D:2      | Found a hazy altar of Hepliaklqana.
  2260 | D:2      | Found a deep blue altar of Sif Muna.
  2639 | D:3      | Noticed Grinder
  2642 | D:3      | Paralysed by Grinder for 7 turns
  2647 | D:3      | Slain by an adder

Vault maps used:
D:1:      lemuel_arrival_muddy
D:2:      led_sif_pool, grunt_temple_overflow_open
D:3:      corexii_shack, uniq_grinder, uniq_robin

Skill      XL: |  1  2  3 |
---------------+----------+-----
Spellcasting   | 4 |  4.6
Conjurations   | 2 |  2.1
Dodging        | |  2.4
Stealth        | |  2.4
Fire Magic     | |  3.9

Action                   || total
-------------------------++-------
Melee: Dagger            ||    30
 Cast: Flame Tongue      ||    49
       Throw Flame       ||    13
  Use: Scroll            ||     6
 Stab: Sleeping          ||     8
  Eat: Chunk             ||     5
Armor: Robe              ||    10
Dodge: Dodged            ||    38

Table legend:
 A = Spawn XP
 B = Non-spawn XP
 C = Spawn XP percentage of total XP
 D = Spawn monster count
 E = Non-spawn monster count
 F = Spawn count percentage of total count
 G = Total turns spent on level
                    A         B        C        D         E        F      G
               +---------+---------+-------+---------+---------+-------+---------
         Total |      13 |      80 |  14.0 |       8 |      37 |  17.8 |  2647
               +---------+---------+-------+---------+---------+-------+---------
           D:1 |       4 |      36 |  10.0 |       3 |      20 |  13.0 |  1619
           D:2 |       9 |      42 |  17.6 |       5 |      15 |  25.0 |  1005
           D:3 |       0 |       2 |   0.0 |       0 |       2 |   0.0 |    23
               +---------+---------+-------+---------+---------+-------+---------
